Map: Ephemeron LE

Players

MarineLorD - Winner!

  • Race: Terran Terran
  • League: Master
  • Spawn Location: 5:00

LiquidSnute (Snute)

  • Race: Zerg Zerg
  • League: Grandmaster
  • Spawn Location: 11:00

Event: NationWars 2019

VOD

Have the link to the VOD?

Description

Time

  • Played on: Oct. 10, 2019, 1:48 p.m.
  • Length: 9:39
Show
View Real Time Build Order
Export as new Build Order

MarineLorD Terran - Winner!

Build Orders:  

Get SALT Encoding   

  12  0:00  SCV  
  13  0:12  SCV  
  14  0:18  Supply Depot  
  14  0:24  SCV  
  15  0:40  Barracks  
  15  0:51  Barracks  
  15  0:54  SCV  
  16  1:00  Refinery  
  16  1:06  SCV  
  17  1:18  SCV  
  18  1:26  Marine  
  18  1:30  Orbital Command  
  19  1:38  Marine  
  19  1:39  Supply Depot  
  20  1:44  Marine  
  21  1:55  Bunker  
  21  1:57  Marine  
  22  2:02  Marine  
  22  2:06  SCV  
  24  2:13  Bunker  
  24  2:17  Marine  
  24  2:19  SCV  
  26  2:31  SCV  
  26  2:34  Factory  
  26  2:36  Marine  
  28  2:39  Marine  
  29  2:48  SCV  
  29  2:53  Supply Depot  
  29  2:54  Marine  
  30  3:01  SCV  
  31  3:14  Marine x2  
  31  3:18  SCV  
  34  3:26  Factory Tech Lab  
  32  3:30  SCV  
  32  3:33  Bunker  
  31  3:44  Cyclone  
  31  3:48  Command Center  
  34  3:49  SCV  
  35  3:59  Supply Depot  
  35  4:02  SCV  
  36  4:03  Refinery  
  36  4:14  SCV  
  37  4:20  Cyclone  
  40  4:26  SCV  
  41  4:38  SCV  
  41  4:40  Starport  
  42  4:48  Supply Depot  
  42  4:59  SCV  
  43  5:02  Orbital Command  
  43  5:05  Factory Reactor, Marine x2  
  45  5:12  SCV  
  46  5:18  Supply Depot  
  46  5:24  Viking  
  46  5:26  SCV  
  49  5:31  SCV  
  50  5:38  SCV  
  50  5:40  Barracks Reactor, Barracks Tech Lab  
  50  5:43  SCV  
  44  5:56  Banshee  
  43  5:58  Marine  
  43  6:00  Orbital Command  
  43  6:03  SCV  
  42  6:05  Stimpack  
  42  6:13  Barracks  
  42  6:15  Factory Reactor  
  42  6:16  SCV  
  43  6:19  Marine x2  
  43  6:21  Marine  
  46  6:26  SCV  
  46  6:31  Engineering Bay, SCV  
  48  6:36  Marine  
  48  6:37  Marine  
  48  6:38  SCV  
  48  6:39  Marine  
  52  6:44  SCV  
  53  6:47  Refinery  
  53  6:50  SCV, Supply Depot  
  54  6:55  Marine x2  
  54  6:56  SCV  
  54  6:57  Marine  
  54  7:00  Siege Tank  
  61  7:01  Medivac x2  
  61  7:02  Terran Infantry Weapons Level 1, Marine x2  
  61  7:03  SCV  
  68  7:11  Supply Depot  
  68  7:12  Marine x2  
  68  7:14  Marine  
  71  7:20  Marine x2  
  71  7:21  SCV  
  74  7:28  Supply Depot  
  74  7:29  Supply Depot  
  74  7:30  Marine x2  
  74  7:31  Supply Depot  
  74  7:32  Marine  
  77  7:38  Marine x2  
  77  7:41  Medivac  
  81  7:44  Combat Shield  
  81  7:45  Siege Tank  
  81  7:48  Marine x2  
  81  7:50  Marine  
  87  7:54  Supply Depot  
  87  7:56  Marine x2  
  89  8:06  Marine x2  
  89  8:07  Command Center  
  89  8:08  Marine  
  89  8:11  SCV x2  
  94  8:14  Marine x2  
  94  8:17  Siege Tank  
  99  8:24  Marine x2  
  99  8:26  Marine  
  94  8:32  Medivac, Marine x2  
  95  8:41  Marine x2, Refinery  
  95  8:43  Marine  
  95  8:44  SCV x2  
  100  8:49  Marine x2  
  100  8:53  Siege Tank  
  105  8:59  Marine x2  
  105  9:02  SCV x2  
  107  9:13  Marine x3  
  104  9:18  Marine x2  
Show
View Real Time Build Order
Export as new Build Order

LiquidSnute Zerg 

Build Orders: Hatch First 

Get SALT Encoding   

  12  0:00  Drone  
  13  0:12  Overlord  
  13  0:16  Drone  
  14  0:30  Drone x2  
  14  0:34  Drone  
  17  0:51  Hatchery  
  17  0:54  Drone  
  17  0:57  Drone  
  18  1:04  Extractor  
  17  1:12  Spawning Pool  
  17  1:15  Drone  
  17  1:19  Drone  
  18  1:28  Drone  
  19  1:38  Overlord  
  19  1:49  Drone  
  20  1:59  Queen  
  20  2:00  Zergling x2  
  23  2:03  Roach Warren  
  23  2:04  Queen  
  25  2:08  Zergling x2  
  25  2:13  Zergling x2  
  26  2:24  Drone  
  26  2:25  Overlord  
  27  2:39  Overlord  
  26  2:53  Roach  
  26  2:54  Roach x4  
  38  2:58  Roach  
  38  3:05  Roach  
  40  3:10  Roach  
  42  3:13  Roach  
  42  3:34  Hatchery  
  42  3:35  Drone  
  42  3:38  Drone  
  43  3:43  Drone  
  43  3:46  Drone  
  45  3:56  Overlord  
  45  3:59  Overlord  
  45  4:08  Drone  
  46  4:16  Ravager  
  46  4:17  Ravager x2  
  48  4:18  Drone  
  48  4:20  Drone  
  51  4:29  Drone  
  49  4:41  Drone  
  49  4:43  Hatchery  
  47  4:46  Drone x3  
  50  4:53  Metabolic Boost  
  50  4:56  Drone  
  51  5:00  Drone  
  51  5:01  Drone  
  53  5:07  Drone  
  53  5:09  Drone  
  53  5:11  Queen  
  57  5:16  Spore Crawler  
  57  5:18  Spore Crawler  
  57  5:20  Ravager  
  56  5:22  Drone x2  
  58  5:31  Roach  
  49  5:51  Drone x12  
  59  5:59  Drone  
  59  6:00  Overlord  
  59  6:03  Drone  
  61  6:05  Queen  
  61  6:06  Queen  
  61  6:08  Drone, Pneumatized Carapace  
  66  6:14  Spore Crawler  
  66  6:15  Drone  
  66  6:22  Drone x2  
  66  6:25  Drone x2  
  70  6:30  Zergling x2  
  71  6:33  Extractor, Overlord  
  71  6:36  Drone x2  
  71  6:37  Drone x2  
  71  6:39  Overlord  
  74  6:42  Evolution Chamber  
  74  6:45  Overlord  
  73  6:50  Queen, Overlord  
  73  6:51  Lair  
  73  6:52  Drone  
  73  6:53  Extractor  
  75  6:56  Drone, Extractor  
  75  6:57  Drone  
  75  6:59  Queen  
  75  7:01  Zergling x6  
  80  7:09  Drone x5  
  80  7:10  Evolution Chamber  
  80  7:11  Hatchery  
  83  7:16  Drone x2  
  85  7:23  Zergling x4  
  85  7:24  Extractor  
  85  7:25  Zergling x2  
  85  7:27  Zerg Ground Armor Level 1  
  87  7:31  Baneling Nest  
  86  7:39  Zergling x16  
  86  7:41  Burrow  
  86  7:43  Zerg Melee Weapons Level 1  
  94  7:46  Hatchery  
  94  7:49  Zergling x4  
  95  7:51  Overseer  
  95  7:53  Zergling x4  
  95  7:57  Zergling x2  
  97  8:00  Overlord  
  97  8:01  Overlord  
  97  8:07  Overlord  
  97  8:12  Overlord  
  97  8:19  Zergling x12  
  88  8:29  Zergling x10  
  88  8:33  Zergling x8  
  92  8:37  Spire, Zergling x4  
  92  8:39  Baneling x6  
  93  8:47  Drone x4  
  97  8:54  Zergling x8  
  101  8:59  Drone x4  
  102  9:13  Roach x8  
  107  9:17  Roach  
Tags
 
Add a new tag
Caveats
  • Supply blocks, unpowered buildings, or Contaminate may cause inaccurate times.
  • Supply counts are checked every 10 seconds.